cohdb
Replays
Latest Replays
All Replays
Popular Replays
Top Player Replays
Match Explorer
How It Works
Community
CoH3 Stats
Reddit
Sign in to upload your games and track your stats! →
Sign in with Steam
Match 39008111
Unlisted
Match 39008111
Overview
Messages
Build Orders
End
Construct Infanterie Kompanie
Grenadier Squad
MG 42 Machine Gun Team
Grenadier Squad
Construct Panzergrenadier Kompanie
Selects Mechanized Battlegroup
Selects Spotting Scopes
Panzergrenadier Squad
Panzergrenadier Squad
Panzergrenadier Officer Quarters
RIZAs
Stark -_-
JohnNorth
STALKER4732
kit.ohume
Devochkin
0
0
Comments
sign in to comment!
No comments posted yet!